MLB
NEW YORK (N) METS @ ATLANTA BRAVES
08/17/2041
 
TOP OF THE 1ST
New York (N) Mets batting - Pitching for Atlanta Braves : RHP Eddie Nix
Pitching: RHP Eddie Nix
Batting: SHB Dave Coffman 0-0: Foul Ball, location: 2F
0-1: Ball
1-1: Foul Ball, location: 9LDF
1-2: Ball
2-2: Foul Ball, location: 3FF
2-2: Ground out 6-3 (Groundball, P, EV 88.1 MPH)
Batting: RHB Eric Fairchild 0-0: Ball
1-0: Foul Ball, location: 23FF
1-1: Foul Ball, location: 9LSF
1-2: Ball
2-2: Strikes out swinging
Batting: LHB Danny Kerr 0-0: Ball
1-0: Called Strike
1-1: Ball
2-1: Ball
3-1: Base on Balls
Batting: RHB Ottavio Attene 0-0: Called Strike
0-1: Ball
Danny Kerr is caught stealing 2nd base 2-4
Top of the 1st over - 0 runs, 0 hits, 0 errors, 0 left on base; New York (N) 0 - Atlanta 0
BOTTOM OF THE 1ST
Atlanta Braves batting - Pitching for New York (N) Mets : LHP Mario Cruz
Pitching: LHP Mario Cruz
Batting: RHB Juan Cuevas 0-0: Ball
1-0: Ball
2-0: Foul Ball, location: 2F
2-1: Called Strike
2-2: Foul Ball, location: 3FF
2-2: SINGLE (Groundball, 6, EV 95.6 MPH) (infield hit)
Batting: RHB Ed Simmons Pickoff Play to 1st, Runner tries for 2nd, OUT after rundown.
0-0: SINGLE (Line Drive, 34, EV 96.9 MPH)
Batting: LHB Orlando Cháves 0-0: Ball
1-0: Swinging Strike
1-1: Foul Ball, location: 2F
1-2: Ball
Wild Pitch!
Ed Simmons to second
2-2: Foul Ball, location: 2F
2-2: Ball
3-2: Strikes out swinging
Batting: RHB José Felisberto 0-0: Ground out 5-3 (Groundball, 56D, EV 95.6 MPH)
Bottom of the 1st over - 0 runs, 2 hits, 0 errors, 1 left on base; New York (N) 0 - Atlanta 0
TOP OF THE 2ND
New York (N) Mets batting - Pitching for Atlanta Braves : RHP Eddie Nix
Batting: RHB Ottavio Attene 0-0: Ball
1-0: Swinging Strike
1-1: Ball
2-1: Foul Ball, location: 2F
2-2: DOUBLE (Line Drive, 9LS, EV 101.9 MPH)
Batting: RHB Mike Hudson 0-0: Ball
1-0: Ball
2-0: Called Strike
2-1: Foul Ball, location: 7LSF
2-2: Ball
3-2: Base on Balls
Batting: LHB Joel Wright 0-0: Called Strike
0-1: Foul Ball, location: 7LSF
0-2: Ball
1-2: Foul Ball, location: 7LDF
1-2: Ball
2-2: Foul Ball, location: 23FF
2-2: Foul Ball, location: 2F
2-2: Fly out, F8 (Flyball, 89M, EV 86.9 MPH)
Batting: RHB Jeff Ford 0-0: Called Strike
0-1: Ball
1-1: Called Strike
1-2: Strikes out swinging
Batting: RHB Steve Robinson 0-0: Called Strike
0-1: Called Strike
0-2: Ball
1-2: Ball
2-2: Foul Ball, location: 7LSFF
2-2: Ball
3-2: Fly out, F9 (Flyball, 9, EV 98.8 MPH)
Top of the 2nd over - 0 runs, 1 hit, 0 errors, 2 left on base; New York (N) 0 - Atlanta 0
BOTTOM OF THE 2ND
Atlanta Braves batting - Pitching for New York (N) Mets : LHP Mario Cruz
Batting: RHB Cale Scutt 0-0: Ball
1-0: Fly out, F8 (Flyball, 8RD, EV 81.9 MPH)
Batting: RHB Ted Coleman 0-0: Called Strike
0-1: Called Strike
0-2: Strikes out swinging
Batting: RHB Skip Larson 0-0: Called Strike
0-1: Called Strike
0-2: SINGLE (Groundball, 4MD, EV 96.9 MPH)
Batting: LHB Andy Simmons 0-0: Ball
1-0: Fly out, F8 (Flyball, 78S, EV 86.3 MPH)
Bottom of the 2nd over - 0 runs, 1 hit, 0 errors, 1 left on base; New York (N) 0 - Atlanta 0
TOP OF THE 3RD
New York (N) Mets batting - Pitching for Atlanta Braves : RHP Eddie Nix
Batting: SHB Alfredo Vega 0-0: Ball
1-0: Fly out, F7 (Flyball, 7LM, EV 80.6 MPH)
Batting: SHB Dave Coffman 0-0: Ball
1-0: Ball
2-0: Called Strike
2-1: Swinging Strike
2-2: Strikes out swinging
Batting: RHB Eric Fairchild 0-0: Called Strike
0-1: Ball
1-1: Ball
2-1: Ground out 6-3 (Groundball, 6S, EV 81.3 MPH)
Top of the 3rd over - 0 runs, 0 hits, 0 errors, 0 left on base; New York (N) 0 - Atlanta 0
BOTTOM OF THE 3RD
Atlanta Braves batting - Pitching for New York (N) Mets : LHP Mario Cruz
Batting: RHB Wilson Ramírez 0-0: Called Strike
0-1: Called Strike
0-2: Strikes out looking
Batting: RHB Juan Cuevas 0-0: Ground out 4-3 (Groundball, 4, EV 98.8 MPH)
Batting: RHB Ed Simmons 0-0: Ball
1-0: DOUBLE (Line Drive, 78XD, EV 105.6 MPH)
Batting: LHB Orlando Cháves 0-0: Ball
1-0: Ball
2-0: Swinging Strike
2-1: SINGLE (Flyball, 34D, EV 82.5 MPH)
Ed Simmons to third
Runner from 3rd tries for Home, SAFE, throw by RF to home
Batting: RHB José Felisberto 0-0: Called Strike
0-1: Ball
1-1: Foul Ball, location: 2F
1-2: Fly out, F3 (Popup, 3SF, EV 73.8 MPH)
Bottom of the 3rd over - 1 run, 2 hits, 0 errors, 1 left on base; New York (N) 0 - Atlanta 1
TOP OF THE 4TH
New York (N) Mets batting - Pitching for Atlanta Braves : RHP Eddie Nix
Batting: LHB Danny Kerr 0-0: Swinging Strike
0-1: Swinging Strike
0-2: Foul Ball, location: 2F
0-2: Ball
1-2: Foul Ball, location: 2F
1-2: Foul Ball, location: 3FF
1-2: Ball
2-2: DOUBLE (Flyball, 8RXD, EV 111.3 MPH)
Batting: RHB Ottavio Attene 0-0: Called Strike
0-1: Foul Ball, location: 3F
0-2: Fly out, F1 (Popup, P, EV 80.6 MPH)
Batting: RHB Mike Hudson 0-0: Swinging Strike
0-1: Swinging Strike
0-2: Strikes out swinging
Batting: LHB Joel Wright 0-0: Called Strike
0-1: Ball
1-1: SINGLE (Groundball, 4D, EV 98.8 MPH)
Danny Kerr to third
Batting: RHB Jeff Ford 0-0: Foul Ball, location: 7LMF
0-1: Swinging Strike
0-2: Strikes out swinging
Top of the 4th over - 0 runs, 2 hits, 0 errors, 2 left on base; New York (N) 0 - Atlanta 1
BOTTOM OF THE 4TH
Atlanta Braves batting - Pitching for New York (N) Mets : LHP Mario Cruz
Batting: RHB Cale Scutt 0-0: Ground out 6-3 (Groundball, 6, EV 101.9 MPH)
Batting: RHB Ted Coleman 0-0: Foul Ball, location: 3SF
0-1: Ball
1-1: Ball
2-1: Foul Ball, location: 9LMF
2-2: Strikes out swinging
Batting: RHB Skip Larson 0-0: Ground out U3 (Groundball, 3L, EV 101.9 MPH)
Bottom of the 4th over - 0 runs, 0 hits, 0 errors, 0 left on base; New York (N) 0 - Atlanta 1
TOP OF THE 5TH
New York (N) Mets batting - Pitching for Atlanta Braves : RHP Eddie Nix
Batting: RHB Steve Robinson 0-0: Swinging Strike
0-1: Foul Ball, location: 2F
0-2: Ball
1-2: Ball
2-2: Ball
3-2: Ground out 3-1 (Groundball, 34, EV 92.5 MPH)
Batting: SHB Alfredo Vega 0-0: Called Strike
0-1: Ball
1-1: Called Strike
1-2: Ball
2-2: DOUBLE (Line Drive, 3D, EV 105.6 MPH)
Batting: SHB Dave Coffman 0-0: Ball
1-0: Ball
2-0: Called Strike
2-1: Called Strike
2-2: Foul Ball, location: 2F
2-2: Foul Ball, location: 25F
2-2: Foul Ball, location: 3FF
2-2: Ball
3-2: Base on Balls
Batting: RHB Eric Fairchild 0-0: Ball
Passed Ball!
Alfredo Vega to third
Dave Coffman to second
1-0: Called Strike
1-1: Fly out, F8 (Flyball, 8LM, EV 85.0 MPH)
Batting: LHB Danny Kerr 0-0: Called Strike
0-1: Ball
1-1: Foul Ball, location: 3FF
1-2: Foul Ball, location: 7LDF
1-2: Fly out, F3 (Line Drive, 3L, EV 75.6 MPH)
Top of the 5th over - 0 runs, 1 hit, 0 errors, 2 left on base; New York (N) 0 - Atlanta 1
BOTTOM OF THE 5TH
Atlanta Braves batting - Pitching for New York (N) Mets : LHP Mario Cruz
Batting: LHB Andy Simmons 0-0: Called Strike
0-1: Ball
1-1: Called Strike
1-2: Ball
2-2: Ball
3-2: Fly out, F7 (Flyball, 78S, EV 95.0 MPH)
Batting: RHB Wilson Ramírez 0-0: Foul Ball, location: 2F
0-1: Called Strike
0-2: Ball
1-2: Foul Ball, location: 9LMF
1-2: Strikes out swinging
Batting: RHB Juan Cuevas 0-0: Called Strike
0-1: Ball
1-1: SINGLE (Line Drive, 89S, EV 87.5 MPH)
Batting: RHB Ed Simmons 0-0: Called Strike
Juan Cuevas steals 2nd base (no throw)
0-1: Foul Ball, location: 5F
0-2: Ball
1-2: Ball
2-2: SINGLE (Line Drive, 7S, EV 99.4 MPH)
Juan Cuevas to third
Runner from 3rd tries for Home, SAFE, throw by LF to home
Batting: LHB Orlando Cháves 0-0: Called Strike
0-1: Ball
1-1: Foul Ball, location: 2F
1-2: Ground out 4-3 (Groundball, 34, EV 104.4 MPH)
Bottom of the 5th over - 1 run, 2 hits, 0 errors, 1 left on base; New York (N) 0 - Atlanta 2
TOP OF THE 6TH
New York (N) Mets batting - Pitching for Atlanta Braves : RHP Eddie Nix
Pitching: LHP Darren Riley
Batting: RHB Ottavio Attene 0-0: Ball
1-0: Ball
2-0: DOUBLE (Flyball, 8LXD, EV 103.8 MPH) - OUT at third base trying to stretch hit.
Batting: RHB Mike Hudson 0-0: Swinging Strike
0-1: Ball
1-1: Swinging Strike
1-2: Ball
2-2: Foul Ball, location: 2F
2-2: Ground out 3-1 (Groundball, 34, EV 100.0 MPH)
Batting: LHB Joel Wright 0-0: Ground out 4-3 (Groundball, 4, EV 89.4 MPH)
Top of the 6th over - 0 runs, 1 hit, 0 errors, 0 left on base; New York (N) 0 - Atlanta 2
BOTTOM OF THE 6TH
Atlanta Braves batting - Pitching for New York (N) Mets : LHP Mario Cruz
Batting: RHB José Felisberto 0-0: Ball
1-0: Ball
2-0: Called Strike
2-1: Fly out, F8 (Flyball, 89M, EV 83.1 MPH)
Batting: RHB Cale Scutt 0-0: SINGLE (Flyball, 8RM, EV 91.3 MPH)
Batting: RHB Ted Coleman 0-0: Called Strike
0-1: Ball
1-1: Ball
2-1: Ball
3-1: Called Strike
3-2: Fly out, F7 (Line Drive, 78M, EV 100.6 MPH)
Batting: RHB Skip Larson 0-0: Ball
1-0: Swinging Strike
1-1: Fly out, F9 (Flyball, 9, EV 96.3 MPH)
Bottom of the 6th over - 0 runs, 1 hit, 0 errors, 1 left on base; New York (N) 0 - Atlanta 2
TOP OF THE 7TH
New York (N) Mets batting - Pitching for Atlanta Braves : LHP Darren Riley
Batting: RHB Jeff Ford 0-0: Ground out 6-3 (Groundball, 6, EV 97.5 MPH)
Batting: RHB Steve Robinson 0-0: Ground out 6-3 (Groundball, 6, EV 107.5 MPH)
Batting: SHB Alfredo Vega 0-0: Called Strike
0-1: Foul Ball, location: 7LSF
0-2: Foul Ball, location: 3F
0-2: Foul Ball, location: 2F
0-2: Foul Ball, location: 2F
0-2: Strikes out looking
Top of the 7th over - 0 runs, 0 hits, 0 errors, 0 left on base; New York (N) 0 - Atlanta 2
BOTTOM OF THE 7TH
Atlanta Braves batting - Pitching for New York (N) Mets : LHP Mario Cruz
Batting: LHB Andy Simmons 0-0: Called Strike
0-1: Ball
1-1: Ball
2-1: Fly out, F8 (Line Drive, 8LM, EV 90.6 MPH)
Batting: RHB Wilson Ramírez 0-0: Ball
1-0: Foul Ball, location: 2F
1-1: Fly out, F8 (Flyball, 89M, EV 92.5 MPH)
Batting: RHB Juan Cuevas 0-0: Foul Ball, location: 3FF
0-1: Swinging Strike
0-2: SINGLE (Groundball, 34D, EV 95.0 MPH)
Batting: RHB Ed Simmons 0-0: Called Strike
0-1: Ball
Juan Cuevas steals 2nd base
1-1: SINGLE (Groundball, 6MD, EV 102.5 MPH)
Juan Cuevas to third
Runner from 3rd tries for Home, SAFE, throw by CF to home
Ed Simmons to second
Batting: LHB Orlando Cháves 0-0: Fly out, F9 (Flyball, 9D, EV 97.5 MPH)
Bottom of the 7th over - 1 run, 2 hits, 0 errors, 1 left on base; New York (N) 0 - Atlanta 3
TOP OF THE 8TH
New York (N) Mets batting - Pitching for Atlanta Braves : LHP Darren Riley
Batting: SHB Dave Coffman 0-0: Called Strike
0-1: Ground out 3-1 (Groundball, 34S, EV 78.8 MPH)
Batting: RHB Eric Fairchild 0-0: Ground out 6-3 (Groundball, 6, EV 85.0 MPH)
Batting: LHB Danny Kerr 0-0: Foul Ball, location: 2F
0-1: Foul Ball, location: 7LDF
0-2: Ball
1-2: Strikes out swinging
Top of the 8th over - 0 runs, 0 hits, 0 errors, 0 left on base; New York (N) 0 - Atlanta 3
BOTTOM OF THE 8TH
Atlanta Braves batting - Pitching for New York (N) Mets : LHP Mario Cruz
Batting: RHB José Felisberto 0-0: Called Strike
0-1: Fly out, F8 (Flyball, 8RD, EV 105.6 MPH)
Batting: RHB Cale Scutt 0-0: Called Strike
0-1: Called Strike
0-2: Ball
1-2: Foul Ball, location: 2RF
1-2: Ball
2-2: Foul Ball, location: 2F
2-2: Foul Ball, location: 2F
2-2: SINGLE (Line Drive, 7LS, EV 110.0 MPH)
Pitching: RHP Cédric Claudel
Batting: RHB Ted Coleman 0-0: Ball
1-0: Foul Ball, location: 5F
1-1: Foul Ball, location: 2F
1-2: Foul Ball, location: 25F
1-2: Grounds into double play, 5-4-3 (Groundball, 56, EV 91.3 MPH)
Bottom of the 8th over - 0 runs, 1 hit, 0 errors, 0 left on base; New York (N) 0 - Atlanta 3
TOP OF THE 9TH
New York (N) Mets batting - Pitching for Atlanta Braves : LHP Darren Riley
Pitching: LHP Jeff West
Batting: RHB Ottavio Attene 0-0: Called Strike
0-1: Called Strike
0-2: Foul Ball, location: 5DF
0-2: SINGLE (Flyball, 8RS, EV 91.9 MPH)
Batting: RHB Mike Hudson 0-0: Ball
1-0: Called Strike
1-1: Ball
2-1: Foul Ball, location: 2F
2-2: Ball
3-2: Strikes out swinging
Batting: LHB Joel Wright 0-0: Ball
1-0: Foul Ball, location: 3DF
1-1: Foul Ball, location: 2F
1-2: Strikes out swinging
Batting: RHB Jeff Ford 0-0: Called Strike
0-1: Called Strike
0-2: Strikes out looking
Top of the 9th over - 0 runs, 1 hit, 0 errors, 1 left on base; New York (N) 0 - Atlanta 3
Sunday, March 24th , 2024 - OOTP Baseball 24.10 Build 82